Map: Ruines d’Endion

Players

Taliks

  • Race: Protoss Protoss
  • League: Silver
  • Spawn Location: 5:00

zidar

  • Race: Zerg Zerg
  • League: Silver
  • Spawn Location: 7:00

VOD

Have the link to the VOD?

Description

Time

  • Played on: April 27, 2016, 8:22 a.m.
  • Length: 2:20
Show
View Real Time Build Order
Export as new Build Order

Taliks Protoss 

Build Orders: 1 Gate Expand 

Get SALT Encoding   

  12  0:01  Probe (Chrono Boost)  
  13  0:11  Probe (Chrono Boost)  
  14  0:21  Pylon  
  14  0:24  Probe (Chrono Boost)  
  15  0:40  Probe (Chrono Boost)  
  16  0:43  Gateway  
  16  0:50  Probe (Chrono Boost)  
  17  1:01  Probe (Chrono Boost)  
  18  1:15  Nexus  
  18  1:21  Probe (Chrono Boost)  
  19  1:31  Probe (Chrono Boost)  
  20  1:34  Assimilator  
  20  1:38  Cybernetics Core  
  20  1:42  Probe (Chrono Boost)  
  20  1:44  Zealot  
  23  1:57  Pylon  
  24  2:17  Assimilator  
Show
View Real Time Build Order
Export as new Build Order

zidar Zerg 

Build Orders: Pool First 

Get SALT Encoding   

  12  0:01  Drone  
  13  0:12  Overlord  
  13  0:17  Drone  
  14  0:31  Drone x2  
  14  0:34  Drone  
  17  0:49  Spawning Pool  
  16  0:50  Drone  
  17  1:15  Hatchery  
  16  1:23  Drone  
  16  1:25  Drone  
  18  1:28  Extractor, Drone  
  18  1:41  Queen  
  20  1:55  Zergling x2  
  20  1:56  Zergling x2  
Tags
 
Add a new tag
Caveats
  • Supply blocks, unpowered buildings, or Contaminate may cause inaccurate times.
  • Supply counts are checked every 10 seconds.